Map: Simulacrum LE

Players

starkiller - Winner!

  • Race: Zerg Zerg
  • League: Grandmaster
  • Spawn Location: 5:00

xKawaiian

  • Race: Terran Terran
  • League: Master
  • Spawn Location: 11:00

Event: Cheeseadelphia XI, Cheeseadelphia XI

VOD

Have the link to the VOD?

Description

Time

  • Played on: Dec. 14, 2019, 12:21 p.m.
  • Length: 7:08

All games in this series

Show
View Real Time Build Order
Export as new Build Order

starkiller Zerg - Winner!

Build Orders: Hatch First 

Get SALT Encoding   

  12  0:01  Drone  
  13  0:08  Drone  
  14  0:14  Extractor  
  14  0:15  Drone  
  15  0:21  Overlord  
  15  0:40  Drone x2  
  17  0:51  Hatchery  
  17  0:54  Drone  
  17  0:58  Drone  
  18  1:08  Extractor  
  17  1:14  Spawning Pool  
  17  1:17  Drone  
  17  1:21  Drone  
  18  1:27  Drone  
  19  1:38  Overlord  
  19  1:48  Drone  
  20  2:01  Zergling x2, Queen  
  22  2:03  Queen  
  22  2:04  Zergling x2  
  26  2:09  Metabolic Boost  
  26  2:12  Drone  
  28  2:15  Drone  
  28  2:21  Drone  
  29  2:25  Drone  
  30  2:33  Drone  
  31  2:38  Drone, Queen  
  34  2:46  Overlord  
  34  2:47  Drone  
  34  2:50  Lair  
  35  2:54  Drone, Extractor  
  35  2:59  Drone  
  36  3:06  Drone  
  36  3:08  Drone  
  36  3:10  Drone  
  39  3:13  Overlord  
  39  3:14  Drone x2  
  39  3:15  Drone  
  42  3:21  Drone x2  
  42  3:26  Overlord  
  44  3:32  Drone  
  46  3:34  Drone  
  46  3:37  Extractor x2  
  46  3:39  Drone  
  45  3:44  Drone x6  
  51  3:52  Spire  
  51  3:54  Drone  
  51  3:59  Drone  
  51  4:00  Drone  
  51  4:02  Zergling x2  
  54  4:08  Zergling x2  
  55  4:12  Zergling x2  
  56  4:19  Overlord  
  56  4:20  Zergling x4  
  58  4:25  Overlord  
  58  4:37  Spine Crawler  
  50  5:04  Mutalisk x7  
  62  5:08  Mutalisk  
  63  5:17  Zergling x6, Queen x2  
  63  5:18  Zergling x4  
  68  5:26  Mutalisk  
  68  5:27  Hatchery  
  63  5:45  Drone x3  
  63  5:46  Drone  
  67  5:54  Drone x2  
  69  6:06  Drone x2  
  71  6:19  Drone x2  
  73  6:22  Evolution Chamber x2  
Show
View Real Time Build Order
Export as new Build Order

xKawaiian Terran 

Build Orders: Reaper Expand 

Get SALT Encoding   

  12  0:00  SCV  
  13  0:12  SCV  
  14  0:17  Supply Depot  
  14  0:25  SCV  
  15  0:39  SCV  
  15  0:41  Barracks  
  16  0:47  Refinery  
  16  0:51  SCV  
  17  1:03  SCV  
  18  1:15  SCV  
  19  1:28  Orbital Command  
  19  1:29  Reaper  
  20  1:43  Command Center  
  20  1:51  Refinery  
  20  1:54  SCV  
  21  2:01  Supply Depot  
  21  2:03  Barracks Reactor  
  21  2:09  SCV  
  22  2:21  SCV  
  23  2:26  Factory  
  23  2:33  SCV  
  24  2:40  Marine x2  
  26  2:45  SCV  
  27  2:56  Orbital Command  
  27  2:57  SCV  
  28  3:13  SCV, Starport  
  28  3:17  Hellion x2  
  33  3:20  Marine  
  33  3:21  SCV  
  33  3:26  SCV  
  36  3:28  Supply Depot  
  36  3:36  SCV  
  36  3:38  Hellion x2  
  36  3:40  SCV  
  42  3:44  Marine  
  42  3:48  SCV  
  44  3:50  Medivac  
  44  3:52  Supply Depot  
  44  3:54  SCV  
  47  4:01  SCV  
  47  4:02  Armory, Liberator, Marine  
  49  4:08  Hellion x2  
  53  4:12  SCV  
  53  4:14  SCV  
  55  4:18  Supply Depot  
  55  4:24  SCV  
  59  4:27  SCV  
  59  4:31  Barracks Tech Lab  
  60  4:34  Hellion  
  62  4:39  SCV, Hellion  
  62  4:41  Supply Depot  
  63  4:56  Hellion  
  56  5:01  Hellion  
  56  5:21  Engineering Bay, SCV  
  56  5:22  Barracks  
  56  5:24  Barracks  
  56  5:28  Marine  
  56  5:29  SCV  
  56  5:31  Supply Depot  
  56  5:34  SCV  
  56  5:41  SCV, Viking x2  
  56  5:42  Factory Reactor  
  51  5:45  Refinery  
  51  5:46  SCV, Marine  
  51  5:47  Supply Depot  
  51  5:51  Missile Turret  
  51  5:52  Missile Turret x2  
  51  5:53  SCV  
  52  5:57  Missile Turret  
  52  6:02  SCV  
  52  6:04  Marine  
  50  6:11  Marine  
  50  6:12  Viking  
  50  6:18  Marine  
  47  6:21  Marine, Widow Mine x2  
  52  6:29  Marine  
  52  6:35  Marine  
Tags
 
Add a new tag
Caveats
  • Supply blocks, unpowered buildings, or Contaminate may cause inaccurate times.
  • Supply counts are checked every 10 seconds.